 Dungeon Crawl Stone Soup version 0.29-a0-876-gfc89b1a5bd (webtiles) character file.

Game seed: 11872461010888619012

116 jimonade the Covert (level 5, -6/30 HPs)
             Began as a Kobold Brigand on July 19, 2022.
             Mangled by an iguana (7 damage)
             ... on level 4 of the Dungeon.
             The game lasted 00:02:29 (2060 turns).

jimonade the Covert (Kobold Brigand)                Turns: 2060, Time: 00:02:30

Health: -6/30      AC:  3    Str:  8    XL:     5   Next: 20%
Magic:  5/5        EV: 14    Int: 12    God:
Gold:   130        SH:  0    Dex: 19    Spells: 4/4 levels left

rFire   . . .      SeeInvis .   a - +2 dagger (venom)
rCold   . . .      Faith    .   (no shield)
rNeg    . . .      Spirit   .   i - +0 robe
rPois   .          Reflect  .   (no helmet)
rElec   .          Harm     .   c - +0 cloak
rCorr   .          Rampage  .   (no gloves)
Will    .....                   (no boots)
Stlth   +++++.....              (no amulet)
HPRegen 0.10/turn               (no ring)
MPRegen 0.09/turn               (no ring)

@: no status effects
A: small, no large weapons, nightstalker 3
a: no special abilities


You were on level 4 of the Dungeon.
You visited 1 branch of the dungeon, and saw 4 of its levels.

You collected 130 gold pieces.

Inventory:

Hand Weapons
 a - a +2 dagger of venom (weapon)
 b - a +0 sling
 s - a +2 dagger
Missiles
 d - 13 poisoned darts (quivered)
 e - 3 curare-tipped darts
 h - 32 stones
 r - 3 boomerangs
Armour
 c - a +0 cloak (worn)
 i - a +0 robe (worn)
 t - a +0 leather armour
Magical Staves
 q - a staff of earth
Wands
 p - a wand of flame (6)
Scrolls
 f - a scroll of noise {unknown}
 g - a scroll of torment {unknown}
 j - a scroll of vulnerability {unknown}
 l - a scroll of magic mapping {unknown}
 m - 2 scrolls of teleportation {unknown}
 n - a scroll of identify {unknown}
Potions
 k - a potion of might {unknown}
 o - 2 potions of curing {unknown}


   Skills:
 + Level 2.3 Fighting
 + Level 3.2 Short Blades
 - Level 2.1 Throwing
 + Level 1.4 Dodging
 * Level 8.2 Stealth


You had 4 spell levels left.
You didn't know any spells.
Your spell library contained the following spells:

 Spells                   Type           Power      Damage    Failure   Level
 Beastly Appendage        Tmut           0%         N/A       32%         1
 Wereblood                Tmut           0%         N/A       45%         2
 Spider Form              Tmut/Pois      0%         N/A       69%         3


Dungeon Overview and Level Annotations

Branches:
Dungeon (4/15)
 Temple: D:4-7

Altars:
Qazlal
Vehumet

Annotations:
D:4 exclusions: goblin and ogre


Innate Abilities, Weirdness & Mutations

You are small and have problems with some larger weapons.
You are completely attuned to the shadows.


Message History

You have reached level 5!
You feel agile.
You see here an iguana corpse.
The helpless endoplasm fails to defend itself.
You skewer the endoplasm like a kebab!!!
You kill the endoplasm!
The goblin shouts!
You hear an angry hiss.
The goblin closely misses you.
You hit the goblin.
The goblin is severely wounded.
The goblin hits you with a +0 dagger.
You hit the goblin.
You kill the goblin!
An iguana comes into view.
You see here a +0 dagger.
The iguana bites you!
You closely miss the iguana. The iguana barely misses you.
You hit the iguana but do no damage.
The iguana is poisoned.
You hit the iguana.
The iguana looks as sick as possible!
The iguana is moderately wounded.
The iguana bites you!
You are too injured to fight recklessly!
You are too injured to fight recklessly!
You are too injured to fight recklessly!
You are too injured to fight recklessly!
You are too injured to fight recklessly!
You barely miss the iguana.
The iguana is moderately wounded.
The iguana misses you.
You hit the iguana but do no damage.
The iguana looks as sick as possible!
The iguana is moderately wounded.
The iguana barely misses you.
You hit the iguana but do no damage.
The iguana looks as sick as possible!
The iguana is heavily wounded.
The iguana bites you!
* * * LOW HITPOINT WARNING * * *
You hit the iguana.
The iguana is severely wounded.
The iguana bites you!
You die...

.........#
............
...........#
........l...
......)@....
............
....†.......
..........[.
.......#....
##.....#..
#.....#
......#
.........#


You could see an iguana (extremely poisoned).

Vanquished Creatures
  2 iguanas (D:4)
  3 adders (D:2)
  A dart slug (D:1)
  3 ball pythons
  4 bats
  5 endoplasms
  3 hobgoblins
  2 quokkas (D:2)
  2 frilled lizards
  6 goblins
  2 kobolds (D:2)
  3 rats
36 creatures vanquished.

Notes
Turn   | Place    | Note
-------+----------+-------------------------------------------
     0 | D:1      | jimonade the Kobold Brigand began the quest for the Orb.
     0 | D:1      | Reached XP level 1. HP: 12/12 MP: 1/1
   204 | D:1      | Reached XP level 2. HP: 17/17 MP: 2/2
   224 | D:1      | Reached skill level 6 in Stealth
   591 | D:1      | Found a faded altar of an unknown god.
  1140 | D:2      | Reached XP level 3. HP: 17/21 MP: 3/3
  1564 | D:2      | Reached skill level 7 in Stealth
  1763 | D:2      | Found a radiant altar of Vehumet.
  1771 | D:2      | Reached XP level 4. HP: 26/26 MP: 4/4
  1971 | D:3      | You fall into a shaft and drop 1 floor!
  2002 | D:4      | Found a stormy altar of Qazlal.
  2009 | D:4      | Noticed an ogre
  2046 | D:4      | Reached skill level 8 in Stealth
  2046 | D:4      | Reached XP level 5. HP: 30/30 MP: 5/5
  2059 | D:4      | HP: 1/30 [iguana (10)]
  2060 | D:4      | Mangled by an iguana

Illustrated notes

Levels and vault maps discovered:
D:1:      wander_arrival_peaceful_grave, layout_basic,
          hellmonk_ecumenical_altar_run_dry, amcnicky_mini_corridor_feature,
          minmay_bisected
D:2:      layout_loops_ring, basic_altar
D:3:      layout_loops_corners
D:4:      layout_basic, nicolae_qazlal_general_emergency

Skill      XL: |  1  2  3  4 |
---------------+-------------+-----
Stealth        | 6 7 8 |  8.2
Short Blades   | 3 |  3.2
Fighting       | |  2.3
Throwing       | |  2.1
Dodging        | |  1.4

Action                   |  1- 3 |  4- 6 || total
-------------------------+-------+-------++-------
Melee: Dagger            |    53 |    17 ||    70
       Punch             |     1 |       ||     1
 Stab: Sleeping          |    13 |     8 ||    21
Armor: Robe              |     9 |       ||     9
Dodge: Dodged            |    31 |     4 ||    35

Table legend: (Time is in decaauts)
 A = Elapsed time spent in this place.
 B = Non-inter-level travel time spent in this place.
 C = Inter-level travel time spent in this place.
 D = Time resting spent in this place.
 E = Time spent auto-exploring this place.
 F = Levels seen in this place.
 G = Mean time per level.
                   A        B        C        D        E       F      G
               +--------+--------+--------+--------+--------+-----+--------+
         Total |   2049 |   1993 |     56 |      0 |   1713 |   4 |  512.2 |
       Dungeon |   2049 |   1993 |     56 |      0 |   1713 |   4 |  512.2 |
               +--------+--------+--------+--------+--------+-----+--------+

Top non-repeatable levels by time:
     D:1: 1035 daAuts
     D:2: 821 daAuts
     D:3: 104 daAuts
     D:4: 87 daAuts
